 Dungeon Crawl Stone Soup version 0.28.0 (webtiles) character file.

Game seed: 10977560982988967221

113 AmazingTV the Vandal (level 4, -5/38 HPs)
             Began as a Minotaur Hunter on Mar 23, 2024.
             Slain by Ijyb (6 damage)
             ... on level 4 of the Dungeon.
             The game lasted 00:07:25 (2915 turns).

AmazingTV the Vandal (Minotaur Hunter)              Turns: 2915, Time: 00:07:25

Health: -5/38      AC:  3    Str: 19    XL:     4   Next: 65%
Magic:  3/3        EV: 11    Int:  8    God:
Gold:   91         SH:  0    Dex: 10    Spells: 3/3 levels left

rFire   . . .      SeeInvis .   b - +0 short sword {short}
rCold   . . .      Faith    .   (no shield)
rNeg    + . .      Spirit   .   c - +0 leather armour
rPois   .          Reflect  .   (helmet restricted)
rElec   .          Harm     .   (no cloak)
rCorr   .          Rampage  .   (no gloves)
Will    .....                   (no boots)
Stlth   +.........              (no amulet)
HPRegen 0.12/turn               q - ring of positive energy
MPRegen 0.08/turn               (no ring)

@: no status effects
A: horns 2, retaliatory headbutt
a: no special abilities


You were on level 4 of the Dungeon.
You visited 1 branch of the dungeon, and saw 4 of its levels.

You collected 91 gold pieces.


Innate Abilities, Weirdness & Mutations

You have a pair of horns on your head.
You reflexively headbutt those who attack you in melee.


   Skills:
 + Level 3.2 Fighting
 + Level 1.9(2.2) Axes
 + Level 1.7(2.2) Maces & Flails
 + Level 4.8 Slings
 + Level 2.0 Armour
 - Level 2.1 Dodging
 - Level 0.7 Stealth
 + Level 2.0 Shields


You had 3 spell levels left.
You didn't know any spells.
Your spell library contained the following spells:

 Spells                   Type           Power      Damage    Failure   Level
 Gell's Gravitas          Tloc           0%         N/A       83%         3
 Teleport Other           Tloc           0%         N/A       83%         3
 Dispersal                Tloc           0%         N/A       100%        6

Inventory:

Hand Weapons
 a - a +1 hunting sling {sling}
 b - a +0 short sword (weapon) {short}
 g - a +1 dagger of draining {short}
   (You took it off a kobold on level 1 of the Dungeon)
Missiles
 d - 13 sling bullets
 e - 17 stones (quivered)
 h - 5 poisoned darts
 m - 47 arrows
 p - 4 javelins
Armour
 c - a +0 leather armour (worn)
Jewellery
 q - a ring of positive energy (left hand)
   (You found it on level 2 of the Dungeon)
Scrolls
 j - a scroll of magic mapping {unknown}
 k - 2 scrolls of teleportation {unknown}
 l - 2 scrolls of immolation {unknown}
 n - 2 scrolls of identify {unknown}
 o - a scroll of holy word {unknown}
 s - a scroll of silence {unknown}
Potions
 f - a potion of cancellation {unknown}
 i - 2 potions of curing {unknown}
 r - 2 potions of lignification {unknown}

Dungeon Overview and Level Annotations

Branches:
Dungeon (3/15)

Altars:

Shops:
D:2 [

Annotations:
D:4 Ijyb

#. #.##
#... #..#
### #..#
...
#..###?#
#......#
####......#
#..@g....##
#.###....#
#........#
#####.####
#g# #(# #(#
.(. .(.


You could see Ijyb.


Message History

😨 HP[+2]
You regained 2 hp, and now have 15/38 hp.
The goblin shouts!
You start resting.
The goblin hits you with a +0 club.
* * * LOW HITPOINT WARNING * * *
😨 HP[-3]
You take 3 damage, and now have 12/38 hp.
You closely miss the goblin. The goblin barely misses you.
You completely miss the goblin. The goblin closely misses you.
You hit the goblin. Your headbutt misses the goblin.
Your punch misses the goblin. The goblin hits you with a +0 club.
* * * LOW HITPOINT WARNING * * *
😱 HP[-3]
You take 3 damage, and now have 9/38 hp.
You hit the goblin.
You kill the goblin!
Your Shields skill increases to level 2!
You start resting. 😎 HP[+29]
Your hp is fully restored (38).
a - a +1 hunting sling (weapon)
{sling}
Things that are here:
a +0 club {mace}; a goblin skeleton You see here an adder skeleton.
You see here a hobgoblin skeleton.
Things that are here:
a +0 dagger {short}; a goblin skeleton
e - 5 stones (gained 1)
e - 6 stones (gained 1)
You now have 91 gold pieces (gained 8).
l - 2 scrolls labelled YHYMUO BYOMP (gained 1)
n - 2 scrolls labelled SIPLUDAIXZI (gained 1)
A hobgoblin comes into view.
The hobgoblin moves out of view.
You shoot a stone. The stone hits the hobgoblin.
You shoot a stone.
The stone hits the hobgoblin but does no damage.
You shoot a stone. The stone hits the hobgoblin.
You kill the hobgoblin!
A goblin comes into view. It is wielding a +0 dagger.
The goblin shouts!
The goblin unwields a +0 dagger.
The goblin wields a +0 hunting sling.
The goblin shoots a stone.
The stone barely misses you.
You shoot a stone. The stone barely misses the goblin.
The goblin shoots a stone.
The stone hits you but does no damage.
You shoot a stone. The stone hits the goblin.
You kill the goblin!
e - 2 stones (gained 1)
e - 3 stones (gained 1)
e - 22 stones (gained 19)
Things that are here:
a +0 hunting sling {sling}; a +0 dagger {short}; a goblin corpse A sourceless malevolence fills the Dungeon...
You fall into a shaft and drop 1 floor!
The shaft crumbles and collapses.
You hear the hiss of flowing sand.
There is an entrance to an ossuary on this level.
Hurry and find it before the portal is buried!
Ijyb the Twisted Goblin comes into view.
She is wielding a +0 club and carrying a wand of flame (9).
You shoot a stone. The stone barely misses Ijyb.
You shoot a stone. The stone hits Ijyb.
You shoot a stone. The stone closely misses Ijyb.
Ijyb zaps a wand.
The puff of flame hits you! 😕 HP[-9]
You take 9 damage, and now have 29/38 hp.
MASSIVE DAMAGE!! (PAUSE)
You shoot a stone. The stone hits Ijyb.
You shoot a stone. The stone hits Ijyb but does no damage.
Ijyb zaps a wand.
The puff of flame hits you!
* * * LOW HITPOINT WARNING * * *
😨 HP[-12]
You take 12 damage, and now have 17/38 hp.
MASSIVE DAMAGE!! (PAUSE)
b - a +0 short sword (weapon)
{short} Ijyb zaps a wand.
The puff of flame hits you!
* * * LOW HITPOINT WARNING * * *
😱 HP[-8]
You take 8 damage, and now have 9/38 hp.
MASSIVE DAMAGE!! (PAUSE) Ijyb zaps a wand.
The puff of flame misses you. 😨 HP[+1]
You closely miss Ijyb. You headbutt Ijyb! Ijyb barely misses you.
You hit Ijyb but do no damage. Your headbutt misses Ijyb.
Ijyb zaps a wand.
The puff of flame hits you.
* * * LOW HITPOINT WARNING * * *
😱 HP[-6]
You take 6 damage, and now have 4/38 hp.
You closely miss Ijyb. Ijyb hits you with a +0 club.
* * * LOW HITPOINT WARNING * * *
😱 HP[-3]
You take 3 damage, and now have 1/38 hp.
You hit Ijyb.
Ijyb screams, "No!
No, no, no, no!"
Ijyb closely misses you. Ijyb hits you with a +0 club.
You die...

Skill      XL: |  1  2  3  4 |
---------------+-------------+-----
Armour         | 1 2 |  2.0
Shields        | 1 2 |  2.0
Axes           | 1 |  1.9
Maces & Flails | 1 |  1.7
Fighting       | 3 |  3.2
Slings         | |  4.8
Dodging        | |  2.1
Stealth        | |  0.7

Action                   |  1- 3 |  4- 6 || total
-------------------------+-------+-------++-------
Melee: Short sword       |    53 |    27 ||    80
       Headbutt          |     7 |     3 ||    10
 Fire: Hunting sling     |    43 |    40 ||    83
 Stab: Sleeping          |     2 |       ||     2
Armor: Leather armour    |    16 |     8 ||    24
Dodge: Dodged            |    36 |    24 ||    60

Levels and vault maps discovered:
D:1:      minmay_arrival_cross, layout_basic,
          hellmonk_ecumenical_altar_heavens_door
D:2:      wad_woods_tower, layout_basic, serial_shops, shop, dk_noncrumbling_3
D:3:      layout_rooms, amcnicky_mini_rare_corridor_liquid
D:4:      layout_loops_corners, nicolae_wu_jian_glorious_leap,
          nicolae_ossuary_entry_plus, grunt_ministairs_13, uniq_ijyb

Notes
Turn   | Place    | Note
-------+----------+-------------------------------------------
     0 | D:1      | AmazingTV the Minotaur Hunter began the quest for the Orb.
     0 | D:1      | Reached XP level 1. HP: 18/18 MP: 0/0
     0 | D:1      | magus.rc [v1.9.6]
   195 | D:1      | Reached XP level 2. HP: 25/25 MP: 1/1
   410 | D:1      | Found a faded altar of an unknown god.
   758 | D:1      | Reached skill level 1 in Armour
   763 | D:1      | You add the spells Gell's Gravitas, Teleport Other and
                  | Dispersal to your library.
   849 | D:1      | Reached skill level 1 in Shields
   979 | D:1      | Reached skill level 1 in Axes
  1086 | D:1      | Reached skill level 1 in Maces & Flails
  1143 | D:2      | Found Daidghax's Armour Shoppe.
  1164 | D:2      | Reached XP level 3. HP: 30/30 MP: 2/2
  1898 | D:2      | Reached skill level 3 in Fighting
  1898 | D:2      | Reached XP level 4. HP: 31/38 MP: 3/3
  2397 | D:3      | Reached skill level 2 in Armour
  2572 | D:3      | HP: 9/38 [goblin (3)]
  2574 | D:3      | Reached skill level 2 in Shields
  2896 | D:3      | You fall into a shaft and drop 1 floor!
  2899 | D:4      | Noticed Ijyb
  2910 | D:4      | HP: 9/38 [Ijyb/puff of flame (8)]
  2913 | D:4      | HP: 4/38 [Ijyb/puff of flame (6)]
  2914 | D:4      | HP: 1/38 [Ijyb (3)]
  2915 | D:4      | Slain by Ijyb

Vanquished Creatures
  4 adders
  2 gnolls (D:2)
  A dart slug (D:1)
  3 bats (D:1)
  6 endoplasms
  3 giant cockroaches
  4 goblins
  5 hobgoblins
  6 quokkas
  7 ball pythons
  4 frilled lizards
  5 kobolds
  5 rats
55 creatures vanquished.

Vanquished Creatures (others)
  3 plants (D:2)
3 creatures vanquished.

Grand Total: 58 creatures vanquished

Table legend:
 A = Non-vault XP
 B = Vault XP
 C = Vault XP percentage of total XP
 D = Non-vault monster count
 E = Vault monster count
 F = Vault count percentage of total count
                 A         B        C        D         E       F
            +---------+---------+-------+---------+---------+-------
      Total |     126 |      36 |  22.2 |      49 |       6 |  10.9
            +---------+---------+-------+---------+---------+-------
        D:1 |      35 |       0 |   0.0 |      21 |       0 |   0.0
        D:2 |      49 |      36 |  42.4 |      17 |       6 |  26.1
        D:3 |      42 |       0 |   0.0 |      11 |       0 |   0.0
            +---------+---------+-------+---------+---------+-------

Illustrated notes

Table legend:
 A = Kills in this place as a percentage of kills in entire the game.
 B = Kills by you in this place as a percentage of kills by you in the entire game.
 C = Kills by friends in this place as a percentage of kills by friends in the entire game.
 D = Other kills in this place as a percentage of other kills in the entire game.
 E = Experience gained in this place as a percentage of experience gained in the entire game.
 F = Experience gained in this place divided by the number of levels of this place that you have seen.
                   A       B       C       D       E      F
               +-------+-------+-------+-------+-------+----------------------
         Total | 100.0 | 100.0 |   N/A |   N/A | 100.0 |  40.5
       Dungeon | 100.0 | 100.0 |   N/A |   N/A | 100.0 |  40.5
               +-------+-------+-------+-------+-------+----------------------

Table legend: (Time is in decaauts)
 A = Elapsed time spent in this place.
 B = Non-inter-level travel time spent in this place.
 C = Inter-level travel time spent in this place.
 D = Time resting spent in this place.
 E = Time spent auto-exploring this place.
 F = Levels seen in this place.
 G = Mean time per level.
                   A        B        C        D        E       F      G
               +--------+--------+--------+--------+--------+-----+--------+
         Total |   2903 |   2842 |     61 |    392 |   2095 |   4 |  725.8 |
       Dungeon |   2903 |   2842 |     61 |    392 |   2095 |   4 |  725.8 |
               +--------+--------+--------+--------+--------+-----+--------+

Top non-repeatable levels by time:
     D:2: 1248 daAuts
     D:1: 1121 daAuts
     D:3: 515 daAuts
     D:4: 18 daAuts
